 Dungeon Crawl Stone Soup version 0.23.2 (webtiles) character file.

Game seed: 6778646910984502713

12 Kairos the Sneak (level 2, -1/13 HPs)
             Began as a Spriggan Enchanter on Apr 8, 2019.
             Slain by a hobgoblin
             ... wielding a +0 club
              (3 damage)
             ... on level 1 of the Dungeon.
             The game lasted 00:00:52 (216 turns).

Kairos the Sneak (Spriggan Enchanter)                Turns: 216, Time: 00:00:53

Health: -1/13      AC:  2    Str:  4    XL:     2   Next: 20%
Magic:  11/15      EV: 18    Int: 16    God:
Gold:   38         SH:  0    Dex: 16    Spells: 5/6 levels left

rFire    . . .     SeeInvis +   a - +1 dagger
rCold    . . .     Gourm    .   (shield restricted)
rNeg     . . .     Faith    .   b - +0 robe
rPois    .         Spirit   .   (helmet restricted)
rElec    .         Reflect  .   (no cloak)
rCorr    .         Harm     .   (gloves unavailable)
MR       .....                  (boots unavailable)
Stlth    +++.......             (no amulet)
HPRegen  0.04/turn              f - ring of magical power
MPRegen  0.14/turn              (no ring)

@: very quick
A: very small, unfitting armour, see invisible, herbivore, speed 3, slow
metabolism 2
a: no special abilities


You were on level 1 of the Dungeon.
You were not hungry.

You visited 1 branch of the dungeon, and saw 1 of its levels.

You collected 38 gold pieces.

Inventory:

Hand Weapons
 a - a +1 dagger (weapon)
Armour
 b - a +0 robe (worn)
Jewellery
 f - a ring of magical power (left hand)
Scrolls
 c - a scroll of enchant weapon {unknown}
 g - a scroll of identify {unknown}
 h - a scroll of noise {unknown}
Potions
 e - a potion of degeneration {unknown}
Comestibles
 d - a ration


   Skills:
 + Level 1.1 Short Blades
 + Level 3.0 Dodging
 + Level 5.1 Stealth
 + Level 2.7 Spellcasting
 + Level 4.0 Hexes


You had 5 spell levels left.
You knew the following spells:

 Your Spells              Type           Power        Failure   Level  Hunger
a - Corona                Hex            ###....      3%          1    #......

Your spell library contained the following spells:

 Spells                   Type           Power        Failure   Level  Hunger
 Confuse                  Hex            ###.....     11%         3    ###....
 Tukima's Dance           Hex            ###.....     11%         3    ###....
 Ensorcelled Hibernation  Hex/Ice        #.....       13%         2    ##.....
 Dazzling Spray           Conj/Hex       #.....       26%         3    ###....


Dungeon Overview and Level Annotations

Branches:
Dungeon (1/15)

Altars:


Innate Abilities, Weirdness & Mutations

You are very small and have problems with some larger weapons.
You are too small for most types of armour.
You have supernaturally acute eyesight. (SInv)
You are a herbivore.
You cover ground extremely quickly.
You need to consume almost no food.


Message History

A bat comes into view.
The ooze hits you.
You hit the ooze.
You kill the ooze!
Your Stealth skill increases to level 5!
Your Hexes skill increases to level 4!
You have reached level 2!
Casting: Corona (safe; 3% risk of failure)
Confirm with . or Enter, or press ? or * to list all spells.
Aiming: Corona (safe; 3% risk of failure)
Press: ? - help, Shift-Dir - straight line, f - hobgoblin
Aim: a hobgoblin, wielding a +0 club (chance to defeat MR: 69%)
The hobgoblin is outlined in light.
The hobgoblin completely misses you.
You completely miss the hobgoblin. The hobgoblin barely misses you.
You hit the hobgoblin but do no damage. The hobgoblin hits you with a +0 club.
* * * LOW HITPOINT WARNING * * *
You hit the hobgoblin.
The hobgoblin is moderately wounded.
The hobgoblin hits you with a +0 club.
You die...

....# ##.#.<.#†###.####..
....#####.#.#.#.#.##.......
.......#.###.#.###.#.......
....##..## ##.## ##........
....##...# #.#.###.........
.#######..#.# #.#..†.......
# #..# #........... ###
######........
#..@gb>.......
#.#####....... #. .$.....
#. g...... #. .....## #.
..g..# #. .....# .. #.....


You could see a hobgoblin and a bat.

Vanquished Creatures
  An ooze (D:1)
  A dart slug (D:1)
  A leopard gecko (D:1)
  A bat (D:1)
  A frilled lizard (D:1)
  A rat (D:1)
6 creatures vanquished.

Notes
Turn   | Place    | Note
-------+----------+-------------------------------------------
     0 | D:1      | Kairos the Spriggan Enchanter began the quest for the Orb.
     0 | D:1      | Reached XP level 1. HP: 9/9 MP: 5/5
   212 | D:1      | Reached skill level 5 in Stealth
   212 | D:1      | Reached XP level 2. HP: 8/13 MP: 6/6
   216 | D:1      | Slain by a hobgoblin

Skill      XL: |  1 |
---------------+----+-----
Stealth        | 5 |  5.1
Hexes          | 4 |  4.0
Short Blades   | |  1.1
Dodging        | |  3.0
Spellcasting   | |  2.7

Action                   || total
-------------------------++-------
Melee: Dagger            ||    13
 Cast: Corona            ||     4
 Stab: Sleeping          ||     4
Dodge: Dodged            ||     6
